 Dungeon Sprint DCSS version 0.29.0-11-gd7f09526c8 (webtiles) character file.

Game seed: 3824021286141342911

18137 Zeld the Executioner (level 12, -2/125 HPs)
             Began as a Minotaur Berserker on Sept 6, 2022.
             Was the Champion of Trog.
             Killed from afar by a nagaraja (23 damage)
             ... with a bolt of poison
             ... in the Dungeon (Sprint III: "The Ten Rune Challenge").
             The game lasted 00:05:10 (6731 turns).

Zeld the Executioner (Minotaur Berserker)           Turns: 6731, Time: 00:05:10

Health: -2/125     AC:  5    Str: 26    XL:     12   Next: 25%
Magic:  11/11      EV: 18    Int:  4    God:    Trog [******]
Gold:   961        SH:  0    Dex: 11    Spells: 11/11 levels left

rFire   . . .      SeeInvis .   a - +3 executioner's axe (flame)
rCold   . . .      Faith    .   (shield currently unavailable)
rNeg    . . .      Spirit   .   b - +0 animal skin
rPois   .          Reflect  .   (helmet restricted)
rElec   .          Harm     .   (no cloak)
rCorr   .          Rampage  .   (no gloves)
Will    .....      NoTele   +   i - +0 pair of boots
Stlth   +.........              (no amulet)
HPRegen 0.30/turn               (no ring)
MPRegen 0.12/turn               (no ring)

@: lethally poisoned (-2 -> -39), on berserk cooldown, slowed, very slow
A: horns 2, retaliatory headbutt
a: Renounce Religion, Berserk, Trog's Hand, Brothers in Arms


You were in the Dungeon.
You worshipped Trog.
Trog was exalted by your worship.
You visited 1 branch You collected 1251 gold pieces.
You spent 290 gold pieces at shops.

Inventory:

Hand Weapons
 a - a +3 executioner's axe of flaming (weapon)
 c - a +2 vorpal executioner's axe
Armour
 b - a +0 animal skin (worn)
 i - a +0 pair of boots (worn)
Wands
 o - a wand of light (5)
Scrolls
 h - 2 scrolls of blinking
 j - a scroll of immolation {unknown}
 l - a scroll of torment {unknown}
 m - 12 scrolls of identify
 s - a scroll of silence {unknown}
Potions
 d - 2 potions of heal wounds
 e - a potion of haste
 f - 4 potions of magic
 g - a potion of berserk rage
 k - 4 potions of mutation
 n - 3 potions of flight
 p - 3 potions of curing
 q - a potion of invisibility
 r - a potion of degeneration


   Skills:
 + Level 17.3 Fighting
 * Level 23.4 Axes
 + Level 17.2 Armour
 + Level 15.8 Dodging


You had 11 spell levels left.
You didn't know any spells.
Your spell library was empty.

Dungeon Overview and Level Annotations

Branches:
Dungeon (1/1)

Altars:
Cheibriados
Dithmenos
Elyvilon
Fedhas
Gozag
Hepliaklqana
Kikubaaqudgha
Makhleb
Nemelex Xobeh
Okawaru
Qazlal
Ru
Sif Muna
Trog
Uskayaw
Vehumet
Wu Jian
Xom
Yredelemnul
Zin
The Shining One
Jiyva
Lugonu

Shops:
D (?

Annotations:
D exclusion: obsidian statue


Innate Abilities, Weirdness & Mutations

You have a pair of horns on your head.
You reflexively headbutt those who attack you in melee.


Message History

Unknown command.
The naga warrior misses you. The naga warrior grabs you.
The naga warrior constricts you. The nagaraja spits poison at you.
The splash of poison misses you.
You barely miss the naga warrior. You slice the nagaraja!!
You burn the nagaraja!
You escape the naga warrior's grasp.
The nagaraja closely misses you.
You slice the naga warrior!! You burn the naga warrior!
The naga warrior is heavily wounded.
You barely miss the naga.
The nagaraja gestures at you while chanting.
The poison arrow hits you!!
You are poisoned.
The naga warrior hits you with a +0 war axe!!
The naga warrior misses you.
You are too injured to fight recklessly!
Unknown command.
You are too injured to fight recklessly!
Unknown command.
You closely miss the naga. You slice the naga warrior!!
You burn the naga warrior.
You are no longer berserk.
You are exhausted.
You feel yourself slow down.
You feel very sick.
The nagaraja hits you from afar with a +0 spear!!
* * * LOW HITPOINT WARNING * * *
The naga misses you. The naga barely misses you.
Unknown command.
Unknown command.
You hit the naga warrior but do no damage.
You headbutt the naga warrior, but do no damage.
The naga warrior is severely wounded.
You closely miss the naga.
You feel very sick. The nagaraja casts a spell at you.
The bolt of poison hits you!!
You are lethally poisoned!
You die...

###########..##.#
##.......†)..##.#
#...........###.#
#÷.########## #.# #
#)..........###.# ##..
##÷...†......##.#+#....
##########..##.#......
##.....NN....##.#......
#∩...N@.)...###........
#∩.########## #########


You could see a nagaraja (fast, strong, catching breath), a naga warrior and a
naga (strong).

Vanquished Creatures
  Sigmund (D)
  A deep elf demonologist (D)
  Josephine (D)
  A hydra (D)
  A centaur warrior (D)
  3 anacondas (D)
  Urug (D)
  2 deep elf knights (D)
  A death drake (D)
  3 deep elf zephyrmancers (D)
  A lindwurm (D)
  2 orc sorcerers (D)
  An orc knight (D)
  A deep elf pyromancer (D)
  2 black mambas (D)
  Edmund (D)
  An unseen horror (D)
  A komodo dragon (D)
  A rime drake (D)
  2 cane toads (D)
  2 tyrant leeches (D)
  5 blink frogs (D)
  A shadow (D)
  3 redbacks (D)
  A naga (D)
  A spatial vortex (D)
  3 wandering mushrooms (D)
  5 water moccasins (D)
  A swamp drake (D)
  A floating eye (D)
  An orc warrior (D)
  2 centaurs (D)
  An earth elemental (D)
  A necrophage (D)
  A water elemental (D)
  A scorpion (D)
  An electric eel (D)
  A jelly (D)
  8 orc priests (D)
  A wizard (D)
  6 orc wizards (D)
  A necromancer (D)
  A kobold demonologist (D)
  3 humans (D)
  3 adders (D)
  4 orcs (D)
  4 rats (D)
91 creatures vanquished.

Vanquished Creatures (collateral kills)
  An unseen horror (D)
1 creature vanquished.

Vanquished Creatures (others)
  A hydra (D)
  12 plants (D)
13 creatures vanquished.

Grand Total: 105 creatures vanquished

Notes
Turn   | Place    | Note
-------+----------+-------------------------------------------
     0 | D        | Zeld the Minotaur Berserker began the quest for the Orb.
     0 | D        | Reached XP level 1. HP: 19/19 MP: 0/0
    36 | D        | Reached skill level 4 in Axes
    53 | D        | Reached ** piety under Trog
    80 | D        | Noticed a scorpion
    83 | D        | Killed a scorpion
    84 | D        | Reached skill level 5 in Fighting
    84 | D        | Reached skill level 6 in Axes
    84 | D        | Reached XP level 2. HP: 29/29 MP: 1/1
    84 | D        | Reached XP level 3. HP: 36/36 MP: 2/2
    92 | D        | Reached skill level 7 in Axes
    92 | D        | Reached XP level 4. HP: 32/42 MP: 3/3
   240 | D        | Noticed a water elemental
   243 | D        | Killed a water elemental
   244 | D        | Reached skill level 8 in Axes
   244 | D        | Reached skill level 5 in Armour
   244 | D        | Reached skill level 5 in Dodging
   272 | D        | Found a radiant altar of Vehumet.
   272 | D        | Found a shimmering blue altar of Sif Muna.
   272 | D        | Found an ancient bone altar of Kikubaaqudgha.
   272 | D        | Noticed a wizard
   275 | D        | Killed a wizard
   275 | D        | Reached *** piety under Trog
   276 | D        | Reached XP level 5. HP: 51/51 MP: 4/4
   282 | D        | Reached skill level 9 in Axes
   331 | D        | Found a hide-covered altar of Uskayaw.
   331 | D        | Found an iron altar of Okawaru.
   331 | D        | Found a bloodstained altar of Trog.
   331 | D        | Found an ornate altar of the Wu Jian Council.
   331 | D        | Noticed a human
   332 | D        | Noticed a human
   341 | D        | Killed a human
   341 | D        | Reached **** piety under Trog
   341 | D        | Killed a human
   342 | D        | Reached skill level 11 in Axes
   342 | D        | Reached XP level 6. HP: 30/62 MP: 5/5
   548 | D        | Found a basalt altar of Yredelemnul.
   548 | D        | Found a shadowy altar of Dithmenos.
   548 | D        | Found a sacrificial altar of Ru.
   556 | D        | Reached XP level 7. HP: 69/69 MP: 6/6
   589 | D        | Noticed a shadow
   596 | D        | Reached skill level 12 in Axes
   601 | D        | Killed a shadow
   601 | D        | Reached ***** piety under Trog
   900 | D        | Found a blossoming altar of Fedhas.
   900 | D        | Found a stormy altar of Qazlal.
   900 | D        | Found a snail-covered altar of Cheibriados.
   900 | D        | Found a burning altar of Makhleb.
   900 | D        | Found a shimmering altar of Xom.
   901 | D        | Found a hazy altar of Hepliaklqana.
   901 | D        | Found an opulent altar of Gozag.
   901 | D        | Found a sparkling altar of Nemelex Xobeh.
   901 | D        | Found a corrupted altar of Lugonu.
   901 | D        | Found a viscous altar of Jiyva.
   901 | D        | Noticed a spatial vortex
   923 | D        | Killed a spatial vortex
   924 | D        | Reached skill level 13 in Axes
  1073 | D        | Found a glowing silver altar of Zin.
  1073 | D        | Found a glowing golden altar of the Shining One.
  1073 | D        | Found a white marble altar of Elyvilon.
  1073 | D        | Noticed a deep elf pyromancer
  1078 | D        | Killed a deep elf pyromancer
  1079 | D        | Reached skill level 10 in Fighting
  1079 | D        | Reached skill level 14 in Axes
  1079 | D        | Reached skill level 10 in Armour
  1079 | D        | Reached XP level 8. HP: 70/80 MP: 7/7
  1360 | D        | Noticed Josephine
  1376 | D        | Killed Josephine
  1377 | D        | Reached skill level 15 in Axes
  1377 | D        | Reached skill level 10 in Dodging
  1700 | D        | Noticed a centaur warrior
  1706 | D        | Received a gift from Trog
  1707 | D        | Reached XP level 9. HP: 89/89 MP: 8/8
  1709 | D        | Killed a centaur warrior
  1710 | D        | Reached skill level 16 in Axes
  1761 | D        | Killed an unseen horror
  1773 | D        | Killed an unseen horror
  1774 | D        | Reached skill level 17 in Axes
  2188 | D        | Noticed a wandering mushroom
  2193 | D        | Noticed a wandering mushroom
  2195 | D        | Noticed a wandering mushroom
  2348 | D        | Received a gift from Trog
  2583 | D        | Noticed a cane toad
  2583 | D        | Noticed a komodo dragon
  2583 | D        | Noticed a cane toad
  2591 | D        | Killed a komodo dragon
  2593 | D        | Killed a cane toad
  2594 | D        | Reached XP level 10. HP: 101/101 MP: 3/9
  2598 | D        | Killed a cane toad
  2599 | D        | Reached skill level 18 in Axes
  3178 | D        | Noticed a lindwurm
  3186 | D        | Killed a lindwurm
  3253 | D        | Reached ****** piety under Trog
  3254 | D        | Reached skill level 19 in Axes
  3254 | D        | Noticed Urug
  3261 | D        | Killed Urug
  3580 | D        | Noticed a seven-headed hydra
  3580 | D        | Noticed a five-headed hydra
  3620 | D        | Received a gift from Trog
  3673 | D        | Killed a seven-headed hydra
  3941 | D        | Noticed Sigmund
  3941 | D        | Noticed Edmund
  3948 | D        | Killed Sigmund
  3949 | D        | Reached skill level 15 in Fighting
  3949 | D        | Reached skill level 20 in Axes
  3949 | D        | Reached skill level 15 in Armour
  3949 | D        | Reached XP level 11. HP: 112/112 MP: 3/10
  3951 | D        | Killed Edmund
  4142 | D        | Noticed an obsidian statue
  4171 | D        | Noticed a yaktaur captain
  4733 | D        | Noticed a yaktaur captain
  4829 | D        | Found Fieh's Distillery.
  4829 | D        | Noticed an orc knight
  4833 | D        | Noticed an orc sorcerer
  4833 | D        | Noticed an orc sorcerer
  4834 | D        | Received a gift from Trog
  4838 | D        | Killed an orc knight
  4839 | D        | Reached skill level 21 in Axes
  4839 | D        | Paralysed by an orc sorcerer for 2 turns
  4842 | D        | Received a gift from Trog
  4845 | D        | Killed an orc sorcerer
  4847 | D        | Killed an orc sorcerer
  4847 | D        | Received a gift from Trog
  4936 | D        | Bought a potion of heal wounds for 50 gold pieces
  4936 | D        | Bought a potion of curing for 30 gold pieces
  4936 | D        | Bought a potion of flight for 30 gold pieces
  4936 | D        | Bought a potion of curing for 30 gold pieces
  4936 | D        | Bought a potion of invisibility for 80 gold pieces
  4936 | D        | Bought a potion of flight for 30 gold pieces
  4936 | D        | Bought a potion of curing for 30 gold pieces
  4947 | D        | Bought a potion of degeneration for 10 gold pieces
  5299 | D        | Noticed a deep elf knight
  5299 | D        | Noticed a deep elf zephyrmancer
  5299 | D        | Noticed a deep elf zephyrmancer
  5299 | D        | Noticed a deep elf zephyrmancer
  5299 | D        | Noticed a deep elf knight
  5309 | D        | Killed a deep elf zephyrmancer
  5309 | D        | Received a gift from Trog
  5310 | D        | Killed a deep elf knight
  5314 | D        | Killed a deep elf zephyrmancer
  5319 | D        | Killed a deep elf knight
  5320 | D        | Reached skill level 22 in Axes
  5322 | D        | Noticed a deep elf annihilator
  5339 | D        | Killed a deep elf zephyrmancer
  5339 | D        | Received a gift from Trog
  5340 | D        | Reached skill level 15 in Dodging
  5414 | D        | Noticed a deep elf demonologist
  5416 | D        | Identified the +5 dagger "Fepom" {vorpal, Fly rN+++ rCorr
                  | Int-3}
  5416 | D        | Noticed a deep elf demonologist
  5433 | D        | Noticed an Ice Fiend
  5434 | D        | Killed a deep elf demonologist
  5580 | D        | Identified the +5 halberd "Unwabora" {venom, *Slow rC+
                  | Will+ Int+2}
  5580 | D        | Identified the +5 ring mail "Omapt" {Int+4}
  5580 | D        | Noticed a deep elf high priest
  5581 | D        | Noticed a deep elf high priest
  5820 | D        | Killed a four-headed hydra
  5897 | D        | Noticed a death drake
  5901 | D        | Killed a death drake
  5901 | D        | Received a gift from Trog
  6171 | D        | Noticed an anaconda
  6175 | D        | Killed an anaconda
  6176 | D        | Reached XP level 12. HP: 110/124 MP: 11/11
  6225 | D        | Noticed an anaconda
  6228 | D        | Received a gift from Trog
  6229 | D        | Killed an anaconda
  6230 | D        | Reached skill level 23 in Axes
  6303 | D        | Noticed an anaconda
  6310 | D        | Killed an anaconda
  6311 | D        | Received a gift from Trog
  6322 | D        | HP: 5/125 [poisoned by a water moccasin]
  6716 | D        | Noticed a nagaraja
  6716 | D        | Noticed a naga warrior
  6723 | D        | Found Ummufuym's Antique Weapon Shop.
  6723 | D        | Found Wiocuwyu's Magic Scroll Shoppe.
  6731 | D        | Killed from afar by a nagaraja

Illustrated notes

Levels and vault maps discovered:
D:        dungeon_sprint_mu [sprint_mu_entry_cave, sprint_mu_temple_rooms,
          sprint_mu_d1_horrors, sprint_mu_d2_genie, sprint_mu_d3_branching,
          sprint_mu_orc_legion, sprint_mu_elf_gauntlet, sprint_mu_hive_nellie,
          sprint_mu_lair_fedhas, sprint_mu_vaults_butterflies,
          sprint_mu_slime_circle, sprint_mu_swamp_cave, sprint_mu_snake_twists,
          sprint_mu_blade_basic, sprint_mu_crypt_fortress,
          sprint_mu_tomb_spiral, sprint_mu_vestibule_basic,
          sprint_mu_gehenna_hellfire, sprint_mu_dis_giant,
          sprint_mu_tartarus_statrot, sprint_mu_cocytus_islands, sprint_mu_zot1]

Skill      XL: |  1  2  3  4  5  6  7  8  9 10 11 12 |
---------------+-------------------------------------+-----
Axes           | 6 7 8 11 14 15 17 20 22 23 | 23.4
Fighting       | 5 6 8 10 11 13 15 16 17 | 17.3
Armour         | 4 6 8 10 11 12 15 16 17 | 17.2
Dodging        | 4 5 7 9 10 11 13 15 | 15.8

Action                   |  1- 3 |  4- 6 |  7- 9 | 10-12 || total
-------------------------+-------+-------+-------+-------++-------
Melee: Hand axe          |    16 |    23 |    86 |       ||   125
       Headbutt          |     2 |     6 |    22 |    26 ||    56
       Battleaxe         |       |       |     9 |   111 ||   120
       Executioner's axe |       |       |       |    43 ||    43
Invok: Berserk           |     1 |     3 |     7 |    10 ||    21
       Brothers in Arms  |       |       |     1 |       ||     1
       Trog's Hand       |       |       |       |     1 ||     1
  Use: Potion            |       |       |       |     4 ||     4
 Stab: Sleeping          |       |       |       |     1 ||     1
Armor: Animal skin       |     1 |     2 |     7 |    18 ||    28
Dodge: Dodged            |     4 |    11 |    34 |   101 ||   150
